 Dungeon Crawl Stone Soup version 0.20.1-1-g8b1a95d (webtiles) character file.

66110 schauveau the Bludgeoner (level 15, 0/98 HPs)
             Began as a Gargoyle Fighter on Aug 12, 2017.
             Was the Champion of Okawaru.
             Slain by a death yak (11 damage)
             ... on level 6 of the Lair of Beasts.
             The game lasted 00:59:56 (23500 turns).

schauveau the Bludgeoner (Gargoyle Fighter)        Turns: 23500, Time: 00:59:57

Health: 0/98       AC: 32    Str: 25    XL:     15   Next: 18%
Magic:  15/15      EV: 10    Int: 13    God:    Okawaru [******]
Gold:   2400       SH: 16    Dex: 11    Spells: 14/14 levels left

rFire    + . .     SeeInvis +   a - +2 flail (crush)
rCold    . . .     Gourm    .   c - +0 shield
rNeg     + . .     Faith    .   k - +7 scale mail of Day {rF+ SInv}
rPois    ∞         Spirit   .   w - +0 helmet {Int+3}
rElec    +         Reflect  +   (no cloak)
rCorr    .         Harm     .   s - +1 pair of gloves
MR       ++...                  R - +2 pair of boots of Liberalism {+Fly MR+ Int+2}
Stlth    +.........             g - +3 amulet of reflection
Regen    0.3/turn               f - +4 ring of dexterity
MPRegen  0.2/turn               C - ring of stealth

@: flying
A: big wings, blurry vision 1, clumsy 1, deformed body, negative energy
resistance 1, electricity resistance, weak 1, unbreathing, petrification
resistance, rot immunity, MP-powered wands, AC +11
a: Stop Flying, Heroism, Finesse, Renounce Religion


You were on level 6 of the Lair of Beasts.
You worshipped Okawaru.
Okawaru was exalted by your worship.
You were hungry.

You visited 3 branches of the dungeon, and saw 21 of its levels.
You also visited: Labyrinth.

You collected 2400 gold pieces.

Inventory:

Hand Weapons
 a - a +2 flail of crushing (weapon)
 d - a +0 broad axe of flaming
 P - the +9 hand axe "Feckeow" {holy, *Drain +Fly rElec rN+++}
   (You took it off a centaur on level 8 of the Dungeon)

   It has been blessed by the Shining One to cause great damage to the undead
   and demons.
   It insulates you from electricity.
   It renders you almost immune to negative energy.
   It lets you fly.
   It causes draining when unequipped.
Missiles
 Z - 22 tomahawks (quivered)
Armour
 c - a +0 shield (worn)
 k - the +7 scale mail of Day (worn) {rF+ SInv}
   (You found it on level 4 of the Dungeon)

   It protects you from fire.
   It lets you see invisible.
 s - a +1 pair of gloves (worn)
 w - a +0 helmet of intelligence (worn)
 R - the +2 pair of boots of Liberalism (worn) {+Fly MR+ Int+2}
   (Okawaru gifted it to you on level 12 of the Dungeon)

   It affects your intelligence (+2).
   It affects your resistance to hostile enchantments.
   It lets you fly.
Jewellery
 f - a +4 ring of dexterity (left hand)
 g - a +3 amulet of reflection (around neck)
 C - a ring of stealth (right hand)
 N - an uncursed amulet of guardian spirit
Wands
 h - a wand of scattershot (5/9)
 t - a wand of acid (9/15)
 J - a wand of iceblast (8/15)
 K - a wand of flame (41/48)
 M - a wand of digging (12/24)
 U - a wand of iceblast (7/15)
Scrolls
 e - a scroll of silence
 i - 8 scrolls of remove curse
 p - 2 scrolls of magic mapping
 r - 4 scrolls of teleportation
 u - 2 scrolls of blinking
 z - 3 scrolls of enchant armour
 D - 2 scrolls of identify
 F - 6 scrolls of enchant weapon
 H - a scroll of summoning
 Q - a scroll of fog
 S - 3 scrolls of recharging
Potions
 b - 2 potions of ambrosia
 l - 5 potions of might
 m - a potion of heal wounds
 n - 12 potions of curing
 x - 4 potions of resistance
 B - 2 potions of haste
 E - 2 potions of invisibility
Books
 o - a book of Party Tricks

   Spells                             Type                      Level
   a - Summon Butterflies             Summoning                    1
   b - Apportation                    Translocation                1
   c - Lesser Beckoning               Translocation                3
   d - Tukima's Dance                 Hexes                        3
   e - Alistair's Intoxication        Transmutation/Poison         5
   f - Invisibility                   Hexes                        6
Miscellaneous
 X - a lightning rod (4/4)
Comestibles
 q - 15 royal jellies
 v - 8 meat rations
 A - a bread ration
 G - 3 fruits


   Skills:
 + Level 13.0 Fighting
 * Level 16.4 Maces & Flails
 + Level 12.8 Armour
 - Level 1.7 Dodging
 - Level 1.4 Stealth
 + Level 12.9 Shields


You had 14 spell levels left.
You didn't know any spells.

Dungeon Overview and Level Annotations

Branches:
Dungeon (14/15)            Temple (1/1) D:5            Lair (6/6) D:9
  Swamp (0/4) Lair:2       Spider (0/4) Lair:2        Slime (0/5) Lair:5
    Orc (0/2) D:12         Vaults (0/5) D:14

Altars:
Cheibriados
Dithmenos
Elyvilon
Fedhas
Gozag
Hepliaklqana
Kikubaaqudgha
Makhleb
Nemelex Xobeh
Okawaru
Qazlal
Sif Muna
Trog
Uskayaw
Vehumet
Xom
Yredelemnul
Zin
The Shining One

Shops:
D:4 [   D:7 }   D:9 }


Innate Abilities, Weirdness & Mutations

You are resistant to torment.
Your stone body is resilient. (AC +11)
You are immune to poison.
Your large and strong wings let you fly indefinitely.
You resist negative energy. (rN+)
You are resistant to electric shocks. (rElec)
You can survive without breathing.
You are immune to petrification.
You are immune to rotting.
Scrolls take you a little longer to read.
You are clumsy. (Dex -2)
Armour fits poorly on your strangely shaped body.
You are weak. (Str -2)
You expend magic power (3 MP) to strengthen your wands.


Message History

You block the death yak's attack. x2
You sock the death yak!
The death yak is heavily wounded.
The death yak misses you.
You hit the death yak but do no damage.
The death yak is heavily wounded.
You block the death yak's attack.
You hit the death yak but do no damage.
The death yak is heavily wounded.
The death yak gores you.
* * * LOW HITPOINT WARNING * * *
The death yak gores you but does no damage.
You sock the death yak!
The death yak is heavily wounded.
The death yak gores you!
* * * LOW HITPOINT WARNING * * *
You hit the death yak.
The death yak is severely wounded.
You block the death yak's attack. The death yak gores you!
You die...

#..............#
#.............PP
#...............
#...............
##...............
#................
#.......#YP......
##......Y#Y.......
##........@#...#...
#...............###
#..........(.#.##
#...........####
#............#
#...........P##
####..........##
####...........#
###..............#
##


You could see 3 death yaks.

Vanquished Creatures
  Gastronok (D:11)
  A minotaur (Lab)
  4 hydras
  2 vault guards
  2 centaur warriors
  4 two-headed ogres
  A catoblepas (Lair:6)
  8 death yaks
  2 unseen horrors
  An obsidian statue (Lair:5)
  Pikel (D:9)
  A necromancer (Lair:4)
  6 ugly things
  A manticore (D:12)
  2 centaur zombies
  8 elephants
  11 black mambas
  2 molten gargoyles (Lair:6)
  2 spiny frogs
  3 rime drakes
  A spiny frog (shapeshifter) (D:9)
  2 centaur skeletons
  6 komodo dragons
  2 ice devils (Lair:4)
  5 trolls
  A queen bee (D:9)
  2 polar bears
  Prince Ribbit (D:7)
  10 blink frogs
  A tyrant leech (Lair:2)
  3 slime creatures (D:13)
  7 hippogriffs
  4 dream sheep (Lair:6)
  Sigmund (D:7)
  7 wyverns
  60 yaks
  A shadow (D:13)
  A steam dragon (Lair:6)
  8 basilisks
  A golden eye (Lair:5)
  Grum (D:8)
  4 hungry ghosts
  Edmund (D:7)
  A swamp worm (Lair:2)
  2 acid dragons
  14 water moccasins
  6 porcupines
  A hell hound (Lair:6)
  10 orc warriors
  2 ice beasts
  7 sky beasts
  5 black bears
  An eye of draining (D:8)
  3 phantoms
  12 wolves
  11 ogres
  13 centaurs
  9 crocodiles
  2 big kobolds (D:12)
  21 bullfrogs
  4 gnoll sergeants (D:12)
  A wyvern zombie (D:8)
  A scorpion (D:9)
  A water moccasin skeleton (D:5)
  29 killer bees
  16 wights
  2 howler monkeys
  3 electric eels (Lair:5)
  11 crimson imps
  4 bullfrog zombies
  A quasit (D:5)
  5 hounds
  2 lava snakes (Lair:6)
  8 jellies
  11 orc priests
  3 bullfrog skeletons
  6 iguanas
  An iron imp (D:5)
  14 orc wizards
  5 worker ants
  4 yak simulacra (Lair:4)
  3 polar bear simulacra (Lair:4)
  A wolf simulacrum (Lair:4)
  A hound zombie (D:9)
  3 hound skeletons
  A howler monkey skeleton (D:5)
  2 worker ant zombies (D:9)
  Robin (D:2)
  15 adders
  3 gnolls (D:12)
  2 shadow imps
  5 oozes
  4 adder skeletons
  A worm (D:3)
  4 dart slugs
  2 leopard geckos
  50 orcs
  4 ball pythons
  7 bats
  3 giant cockroaches
  16 goblins
  11 hobgoblins
  8 jackals
  9 quokkas
  6 frilled lizards
  A jackal skeleton (D:8)
  10 kobolds
  A leopard gecko skeleton (D:5)
  A quokka zombie (D:6)
  3 rats
  3 river rat simulacra (Lair:4)
  2 fungi (Lair:4)
  A plant (Lair:6)
629 creatures vanquished.

Vanquished Creatures (others)
  2 slaves (D:9)
  A crimson imp (D:9)
  An orc wizard (D:9)
  4 orcs (D:9)
  A jackal (D:9)
  3 fungi (Lair:6)
  3 plants
15 creatures vanquished.

Grand Total: 644 creatures vanquished

Notes
Turn   | Place    | Note
-------+----------+-------------------------------------------
     0 | D:1      | schauveau the Gargoyle Fighter began the quest for the Orb.
     0 | D:1      | Reached XP level 1. HP: 14/14 MP: 1/1
    81 | D:2      | Reached XP level 2. HP: 13/19 MP: 2/2
   222 | D:3      | Reached XP level 3. HP: 23/23 MP: 3/3
   411 | D:3      | Found a faded altar of an unknown god.
   557 | D:4      | Reached skill level 3 in Maces & Flails
   557 | D:4      | Reached XP level 4. HP: 25/29 MP: 4/4
   615 | D:4      | Got a scorched scale mail
   643 | D:4      | Identified the +7 scale mail of Day {rF+ SInv} (You found it on level 4 of the Dungeon)
   746 | D:4      | Found an opulent altar of Gozag.
   750 | D:4      | Found a deep blue altar of Sif Muna.
   750 | D:4      | Found a glowing silver altar of Zin.
   753 | D:4      | Found a hazy altar of Hepliaklqana.
   779 | D:4      | Got a faintly glowing scale mail
   797 | D:4      | Found Plog's Armour Shoppe.
   843 | D:4      | Identified the +5 scale mail "Ocamovijy" {Int+2} (You found it on level 4 of the Dungeon)
  1045 | D:4      | Reached skill level 4 in Maces & Flails
  1045 | D:4      | Reached XP level 5. HP: 32/33 MP: 5/5
  1357 | D:5      | Entered Level 5 of the Dungeon
  1562 | D:4      | Reached XP level 6. HP: 38/39 MP: 6/6
  1608 | D:5      | Found a staircase to the Ecumenical Temple.
  1617 | Temple   | Entered the Ecumenical Temple
  1681 | Temple   | Became a worshipper of Warmaster Okawaru
  1779 | D:5      | Reached skill level 5 in Maces & Flails
  1944 | D:5      | Reached XP level 7. HP: 27/44 MP: 7/7
  1990 | D:5      | Reached * piety under Okawaru
  1990 | D:5      | Reached skill level 6 in Maces & Flails
  2010 | D:5      | Reached skill level 1 in Dodging
  2999 | D:2      | Reached skill level 5 in Fighting
  3210 | D:2      | Noticed Robin
  3224 | D:2      | Killed Robin
  3912 | D:5      | Reached XP level 8. HP: 35/49 MP: 8/8
  3987 | D:5      | Reached skill level 1 in Stealth
  4028 | D:5      | Found a burning altar of Makhleb.
  4036 | D:5      | Reached skill level 7 in Maces & Flails
  4040 | D:5      | Reached skill level 5 in Armour
  4448 | D:6      | Reached skill level 5 in Shields
  4478 | D:6      | Reached ** piety under Okawaru
  4816 | D:7      | Reached skill level 8 in Maces & Flails
  4846 | D:7      | Noticed Prince Ribbit
  4955 | D:6      | Reached XP level 9. HP: 47/55 MP: 9/9
  4984 | D:6      | Found a radiant altar of Vehumet.
  5416 | D:7      | Killed Prince Ribbit
  5416 | D:7      | Reached *** piety under Okawaru
  5779 | D:7      | Found a bloodstained altar of Trog.
  5840 | D:7      | Found Ikalig's Gadget Shoppe.
  5875 | D:7      | Reached skill level 9 in Maces & Flails
  5920 | D:7      | Noticed Edmund
  5940 | D:7      | Killed Edmund
  5971 | D:7      | Noticed Sigmund
  5976 | D:7      | Killed Sigmund
  6122 | D:7      | Found a blossoming altar of Fedhas.
  6122 | D:7      | Found a sparkling altar of Nemelex Xobeh.
  6205 | D:8      | Noticed Grum
  6268 | D:7      | Reached XP level 10. HP: 14/63 MP: 10/10
  6499 | D:8      | Killed Grum
  6499 | D:8      | Reached **** piety under Okawaru
  6600 | D:9      | Found a stormy altar of Qazlal.
  6810 | D:8      | Reached skill level 10 in Maces & Flails
  7138 | D:8      | Noticed a two-headed ogre
  7145 | D:8      | Killed a two-headed ogre
  7579 | D:8      | Reached ***** piety under Okawaru
  7589 | D:8      | Got an iridescent hand axe {holy}
  7593 | D:8      | Identified the +9 hand axe "Feckeow" {holy, *Drain +Fly rElec rN+++} (You took it off a centaur on level 8 of the Dungeon)
  8362 | D:9      | You fall through a shaft for 3 floors!
  8370 | D:12     | Reached skill level 11 in Maces & Flails
  8370 | D:12     | Reached XP level 11. HP: 61/69 MP: 11/11
  8379 | D:12     | Noticed a two-headed ogre
  8395 | D:12     | Killed a two-headed ogre
  8406 | D:12     | Noticed a manticore
  8419 | D:12     | Killed a manticore
  8419 | D:12     | Received a gift from Okawaru
  8422 | D:12     | Got a pair of translucent boots {god gift}
  8428 | D:12     | Identified the +2 pair of boots of Liberalism {+Fly MR+ Int+2} (Okawaru gifted it to you on level 12 of the Dungeon)
  8896 | D:13     | Noticed a four-headed hydra
  9010 | D:12     | Noticed a red ugly thing
  9025 | D:12     | Killed a red ugly thing
  9206 | D:11     | Noticed a red ugly thing
  9227 | D:11     | Killed a red ugly thing
  9262 | D:10     | Entered Level 10 of the Dungeon
  9907 | D:9      | Noticed Pikel
  9920 | D:9      | Killed Pikel
  9920 | D:9      | Reached skill level 12 in Maces & Flails
  9942 | D:9      | Found Qaeraed's Gadget Emporium.
  9993 | D:9      | Noticed a two-headed ogre
 10003 | D:9      | Killed a two-headed ogre
 10090 | D:9      | Found a hide-covered altar of Uskayaw.
 10124 | D:9      | Found a snail-covered altar of Cheibriados.
 10177 | D:9      | Noticed a death yak
 10179 | D:9      | Noticed a death yak
 10181 | D:9      | Noticed a death yak
 10202 | D:9      | Killed a death yak
 10216 | D:9      | Killed a death yak
 10216 | D:9      | Received a gift from Okawaru
 10216 | D:9      | Reached XP level 12. HP: 54/76 MP: 12/12
 10230 | D:9      | Killed a death yak
 10493 | D:9      | Found a staircase to the Lair.
 10515 | Lair:1   | Entered Level 1 of the Lair of Beasts
 10575 | D:9      | Found a white marble altar of Elyvilon.
 10725 | D:9      | Received a gift from Okawaru
 10756 | D:9      | Got a pair of faintly humming gloves {god gift}
 10767 | D:9      | Identified the +0 pair of gloves of Beauty {*Corrode rPois MR+} (Okawaru gifted it to you on level 9 of the Dungeon)
 11058 | D:9      | Reached skill level 10 in Fighting
 11206 | D:10     | Reached ****** piety under Okawaru
 11363 | D:10     | Reached skill level 10 in Armour
 12143 | D:11     | Reached skill level 13 in Maces & Flails
 12143 | D:11     | Reached skill level 10 in Shields
 12392 | D:11     | Noticed a centaur warrior
 12404 | D:11     | Killed a centaur warrior
 12423 | D:11     | Noticed Gastronok
 12477 | D:11     | Killed Gastronok
 12899 | D:10     | Noticed a two-headed ogre
 12907 | D:10     | Killed a two-headed ogre
 13193 | D:9      | Received a gift from Okawaru
 13303 | D:12     | Reached XP level 13. HP: 74/83 MP: 10/13
 13639 | D:12     | Found a staircase to the Orcish Mines.
 13791 | D:12     | Reached skill level 14 in Maces & Flails
 14082 | D:13     | Found a glowing golden altar of the Shining One.
 14930 | D:14     | Found a stormy altar of Qazlal.
 15045 | D:14     | Found a gate to the Vaults.
 15045 | D:14     | Noticed a vault guard
 15045 | D:14     | Noticed a vault guard
 15045 | D:14     | Noticed a vault guard
 15046 | D:14     | Noticed a vault guard
 15059 | D:14     | Received a gift from Okawaru
 15082 | D:14     | Killed a vault guard
 15114 | D:13     | Killed a vault guard
 16070 | Lair:2   | Found a hole to the Spider Nest.
 17064 | Lair:2   | Found a staircase to the Swamp.
 17405 | Lair:3   | Gained mutation: Your large and strong wings let you fly indefinitely. [Gargoyle growth]
 17405 | Lair:3   | Reached XP level 14. HP: 86/91 MP: 12/14
 17481 | Lair:3   | Received a gift from Okawaru
 17481 | Lair:3   | Reached skill level 15 in Maces & Flails
 17711 | Lair:3   | Got an opal-encrusted scale mail
 17722 | Lair:3   | Identified the +2 scale mail "Ufelehor" {*Contam Int+5} (You found it on level 3 of the Lair of Beasts)
 17732 | Lair:3   | Gained mutation: You expend magic power (3 MP) to strengthen your wands. [mutagenic glow]
 18110 | Lair:4   | Found a labyrinth entrance.
 18160 | Lab      | Entered a labyrinth
 19174 | Lab      | Identified the Papyrus of Enthralling Confrontation
 20534 | Lair:5   | Received a gift from Okawaru
 20599 | Lair:6   | Entered Level 6 of the Lair of Beasts
 20845 | Lair:5   | Found a staircase to the Slime Pits.
 21491 | Lair:5   | Gained mutation: You are weak. (Str -2) [a neqoxec]
 21494 | Lair:5   | Gained mutation: You are clumsy. (Dex -2) [a neqoxec]
 21496 | Lair:5   | Gained mutation: Scrolls take you a little longer to read. [a neqoxec]
 21501 | Lair:5   | Gained mutation: Armour fits poorly on your strangely shaped body. [a neqoxec]
 21685 | Lair:6   | Received a gift from Okawaru
 22081 | Lair:6   | Received a gift from Okawaru
 22106 | Lair:6   | Got a spiked hat {god gift}
 22117 | Lair:6   | Identified the +0 hat of Cuagepp {rPois Str-3 Int+7} (Okawaru gifted it to you on level 6 of the Lair of Beasts)
 22204 | Lair:6   | Identified a scroll of acquirement
 22277 | Lair:6   | Reached skill level 16 in Maces & Flails
 22674 | Lair:6   | Reached XP level 15. HP: 68/97 MP: 15/15
 23500 | Lair:6   | Slain by a death yak

Skill      XL: |  1  2  3  4  5  6  7  8  9 10 11 12 13 14 15 |
---------------+----------------------------------------------+-----
Maces & Flails | 3 4 5 6 8 9 11 12 13 14 16 | 16.4
Fighting       | 4 5 7 8 9 10 11 12 13 | 13.0
Armour         | 4 5 6 8 9 10 11 12 | 12.8
Shields        | 4 5 6 8 9 10 11 12 | 12.9
Dodging        | 1 |  1.7
Stealth        | 1 |  1.4

Action                   |  1- 3 |  4- 6 |  7- 9 | 10-12 | 13-15 || total
-------------------------+-------+-------+-------+-------+-------++-------
Melee: Flail             |    93 |   116 |   572 |   699 |  1543 ||  3023
       Hand axe          |       |       |       |   245 |       ||   245
Invok: Heroism           |       |       |       |     1 |       ||     1
 Abil: Fly               |       |       |       |       |     1 ||     1
Evoke: Wand              |       |       |       |     2 |       ||     2
  Use: Scroll            |       |     5 |     9 |     4 |    18 ||    36
       Potion            |       |       |     1 |     3 |     2 ||     6
 Stab: Sleeping          |       |       |       |       |     1 ||     1
  Eat: Chunk             |       |     2 |     7 |    10 |     9 ||    28
       Bread ration      |       |     1 |     1 |     3 |     5 ||    10
       Royal jelly       |       |       |     1 |     1 |       ||     2
       Fruit             |       |       |       |     3 |       ||     3
       Meat ration       |       |       |       |       |     1 ||     1
Armor: Scale mail        |    31 |    67 |   293 |   466 |   720 ||  1577
       Chain mail        |    18 |       |       |       |       ||    18
Dodge: Dodged            |    32 |    45 |   204 |   307 |   469 ||  1057
Block: Shield            |    36 |    48 |   304 |   548 |  1128 ||  2064
       Reflection        |       |       |       |       |     7 ||     7
